 Dungeon Crawl Stone Soup version 0.32-a0-702-gc29ba85809 (webtiles) character file.

Game seed: 825675743802278786

2537 paps the Cudgeller (level 9, -4/87 HPs)
             Began as a Troll Berserker on Mar 14, 2024.
             Was an Elder of Trog.
             Slain by a +5 flail of Change {spect, rPois rCorr Str+4} (10 damage)
             ... created by an orc wizard
             ... on level 7 of the Dungeon.
             The game lasted 00:06:24 (4798 turns).

paps the Cudgeller (Troll Berserker)                Turns: 4798, Time: 00:06:24

Health: -4/87      AC:  7    Str: 26    XL:     9   Next: 30%
Magic:  8/8        EV: 10    Int:  2    God:    Trog [****..]
Gold:   369        SH:  0    Dex: 14    Spells: 8/8 levels left

rFire   . . .        a - +0 morningstar
rCold   + . .        (no shield)
rNeg    + . .        b - +0 animal skin
rPois   +            (helmet restricted)
rElec   .            v - +2 ratskin cloak {*Rats rPois rN+ Str-1 Int-1 Dex+1}
rCorr   .            (gloves unavailable)
SInv    .            (boots unavailable)
Will    .....        g - amulet of regeneration
Stlth   +            k - ring of poison resistance
HPRegen 1.94/turn    G - ring of protection from cold
MPRegen 0.11/turn

%: no passive effects
@: no status effects
A: large, unfitting armour, claws 3, regeneration 1, shaggy fur 1, tough skin 1
a: Renounce Religion, Berserk, Trog's Hand, Brothers in Arms


You were on level 7 of the Dungeon.
You worshipped Trog.
Trog was greatly pleased with you.
You visited 1 branch of the dungeon, and saw 7 of its levels.
You also visited: Ossuary.

You collected 369 gold pieces.

Inventory:

Hand Weapons
 a - a +0 morningstar (weapon)
 F - a +1 mace of holy wrath
Armour
 b - a +0 animal skin (worn)
 v - the +2 ratskin cloak (worn) {*Rats rPois rN+ Str-1 Int-1 Dex+1}
   (You found it on level 4 of the Dungeon)

   *Rats:     When the wearer is hurt, rats may emerge from it to assist them.
   Str-1:     It affects your strength (-1).
   Int-1:     It affects your intelligence (-1).
   Dex+1:     It affects your dexterity (+1).
   rPois:     It protects you from poison.
   rN+:       It protects you from negative energy.
Jewellery
 g - an amulet of regeneration (around neck)
 k - a ring of poison resistance (left claw)
 x - a ring of ice
 G - a ring of protection from cold (right claw)
Wands
 w - a wand of mindburst (16)
 E - a wand of light (9)
Scrolls
 d - 3 scrolls of poison {unknown}
 e - 2 scrolls of vulnerability {unknown}
 f - a scroll of acquirement {unknown}
 h - 2 scrolls of torment {unknown}
 i - a scroll of amnesia {unknown}
 l - 2 scrolls of enchant armour {unknown}
 o - 2 scrolls of revelation {unknown}
 q - 4 scrolls of teleportation {unknown}
 r - a scroll of brand weapon {unknown}
 t - a scroll of silence {unknown}
 u - 4 scrolls of enchant weapon {unknown}
 y - 2 scrolls of fog {unknown}
Potions
 c - 2 potions of ambrosia
 j - 4 potions of might
 m - 2 potions of heal wounds
 n - a potion of invisibility
 p - 3 potions of curing
 s - a potion of magic
 z - a potion of enlightenment {unknown}
 A - 2 potions of experience
 B - 2 potions of mutation {unknown}
 C - a potion of attraction {unknown}
 D - a potion of cancellation {unknown}


   Skills:
 + Level 4.8 Fighting
 * Level 7.3 Maces & Flails
 * Level 6.1 Armour
 + Level 4.8 Dodging


You had 8 spell levels left.
You didn't know any spells.
Your spell library was empty.

Dungeon Overview and Level Annotations

Branches:
Dungeon (7/15)             Temple (0/1) D:6         Ossuary (visited)

Altars:
Fedhas
Kikubaaqudgha
Makhleb
Sif Muna
Trog
Uskayaw
The Shining One

Shops:
D:4 *

Annotations:
D:7 3 runed translucent doors, UristMcRaven's ghost, novice DECj; topfpfpflanze's ghost, novice OpSh


Innate Abilities, Weirdness & Mutations

You are too large for most types of armour.
You have claws for hands.
Your natural rate of healing is unusually fast.
You are covered in fur. (AC +1)
You have tough skin. (AC +1)


Message History

An orc is nearby!
An orc wizard comes into view.
It is wielding the +5 flail of Change {spect, rPois rCorr Str+4}.
The orc wizard shouts!
An orc comes into view. It is wielding a +0 war axe.
The orc shouts!
The orc barely misses you.
You hit the orc.
The orc is lightly wounded.
The orc wizard gestures wildly while chanting.
The orc wizard flickers and vanishes!
Deactivating autopickup; reactivate with Ctrl-A.
The orc hits you with a +0 trident.
You puncture the orc!
You kill the orc!
Trog accepts your kill. Something hits you but does no damage.
The +5 flail of Change {spect, rPois rCorr Str+4} hits you!!
A +5 flail of Change {spect, rPois rCorr Str+4} comes into view.
You closely miss the +5 flail of Change {spect, rPois rCorr Str+4}.
Something completely misses you.
The +5 flail of Change {spect, rPois rCorr Str+4} hits you!
You bludgeon the orc!!
You kill the orc!
Trog accepts your kill. Something completely misses you.
The +5 flail of Change {spect, rPois rCorr Str+4} hits you!
Something hits you.
The +5 flail of Change {spect, rPois rCorr Str+4} hits you!
Something hits you.
A hell rat scurries out from under your cloak.
The +5 flail of Change {spect, rPois rCorr Str+4} hits you!!
* * * LOW HITPOINT WARNING * * *
Things that are here:
a +0 trident; a +0 leather armour; an orc corpse You closely miss the +5 flail of Change {spect, rPois rCorr Str+4}.
Your hell rat closely misses the +5 flail of Change {spect, rPois rCorr Str+4}.
Something hits you!
* * * LOW HITPOINT WARNING * * *
The +5 flail of Change {spect, rPois rCorr Str+4} hits you!
You die...

..... #...
......##.##..... ....
###.............. ....
............... ...#
#.........# .
###.........#..
.....r.........
#..(.....##. #@........
... ##......... ...
##.......##. .#### ....
#........# ..... .....
#..#.#.###### ....#
.....###..#####P⌠P.## #...
#.........##..#....ß# #.).
#......###...#......###...
#...##.......+W....P#.....


You could see a +5 flail of Change {spect, rPois rCorr Str+4} (ally target) and
a friendly hell rat.

Vanquished Creatures
  Sigmund (D:2)
  A vampire mosquito (D:6)
  Menkaure (D:6)
  A black bear (D:5)
  3 ice beasts
  3 centaurs
  2 phantoms (D:6)
  3 scorpions
  2 wights (Ossuary)
  A burial acolyte (Ossuary)
  2 jellies
  A bombardier beetle (D:4)
  3 hounds (D:6)
  An iguana (D:5)
  3 scorpion zombies (D:5)
  4 orc wizards
  2 hound zombies (D:5)
  A hound skeleton (D:5)
  A mummy (Ossuary)
  8 gnolls
  7 adders
  2 howler monkey skeletons (D:5)
  An adder skeleton (D:5)
  2 dart slugs
  A ribbon worm (D:2)
  19 orcs
  9 ball pythons
  6 bats
  3 endoplasms
  4 giant cockroaches
  7 goblins
  7 hobgoblins
  2 quokkas (D:1)
  2 frilled lizards
  6 gnoll skeletons (Ossuary)
  8 kobolds
  5 kobold skeletons (Ossuary)
  5 orc skeletons (Ossuary)
  5 rats
145 creatures vanquished.

Vanquished Creatures (collateral kills)
  2 vampire mosquitoes (D:6)
  A black bear (D:5)
  3 gnoll skeletons (Ossuary)
  A kobold skeleton (Ossuary)
7 creatures vanquished.

Grand Total: 152 creatures vanquished

Notes
Turn   | Place    | Note
-------+----------+-------------------------------------------
     0 | D:1      | paps the Troll Berserker began the quest for the Orb.
     0 | D:1      | Reached XP level 1. HP: 22/22 MP: 0/0
   137 | D:1      | Reached XP level 2. HP: 29/29 MP: 1/1
   278 | D:1      | Reached skill level 3 in Maces & Flails
   314 | D:1      | Reached skill level 1 in Armour
   436 | D:1      | Reached ** piety under Trog
   510 | D:1      | Reached XP level 3. HP: 36/36 MP: 2/2
   669 | D:2      | Reached XP level 4. HP: 44/44 MP: 3/3
   963 | D:2      | Noticed Sigmund
   980 | D:2      | Killed Sigmund
   981 | D:2      | Reached skill level 4 in Maces & Flails
   981 | D:2      | Reached XP level 5. HP: 22/53 MP: 4/4
  1498 | D:3      | Reached XP level 6. HP: 37/61 MP: 5/5
  1835 | D:4      | Found the +2 ratskin cloak {*Rats rPois rN+ Str-1 Int-1
                  | Dex+1}
  1985 | D:4      | Found Nucus's Assorted Antiques.
  2080 | D:4      | Reached *** piety under Trog
  2435 | D:5      | Entered Level 5 of the Dungeon
  2548 | D:5      | Noticed an ice beast
  2562 | D:5      | Killed an ice beast
  2563 | D:5      | Reached XP level 7. HP: 62/67 MP: 6/6
  2661 | D:5      | Reached skill level 5 in Maces & Flails
  2856 | D:5      | Found a sand-covered staircase.
  2876 | Ossuary  | Entered an ossuary
  2986 | Ossuary  | Reached XP level 8. HP: 57/78 MP: 7/7
  3067 | Ossuary  | Reached **** piety under Trog
  3204 | D:5      | Found an ancient bone altar of Kikubaaqudgha.
  3309 | D:5      | Reached skill level 6 in Maces & Flails
  3625 | D:6      | Found a staircase to the Ecumenical Temple.
  3779 | D:6      | Reached skill level 5 in Armour
  4013 | D:6      | Found a blossoming altar of Fedhas.
  4013 | D:6      | Found a hide-covered altar of Uskayaw.
  4013 | D:6      | Found a glowing golden altar of the Shining One.
  4013 | D:6      | Found a burning altar of Makhleb.
  4020 | D:6      | Found a bloodstained altar of Trog.
  4020 | D:6      | Found a shimmering blue altar of Sif Muna.
  4346 | D:6      | Reached XP level 9. HP: 85/85 MP: 8/8
  4404 | D:6      | Noticed Menkaure
  4412 | D:6      | Killed Menkaure
  4413 | D:6      | Reached skill level 7 in Maces & Flails
  4751 | D:7      | Found a runed translucent gate.
  4751 | D:7      | Found a runed translucent gate.
  4751 | D:7      | Found a runed translucent gate.
  4751 | D:7      | Noticed topfpfpflanze's ghost (novice OpSh)
  4752 | D:7      | Noticed UristMcRaven's ghost (novice DECj)
  4789 | D:7      | Identified the +5 flail of Change {spect, rPois rCorr
                  | Str+4}
  4798 | D:7      | Slain by a +5 flail of Change {spect, rPois rCorr Str+4}

Illustrated notes

Levels and vault maps discovered:
D:1:      onia_arrival_handbag, layout_loops_ring
D:2:      layout_loops_cross, uniq_sigmund
D:3:      layout_basic
D:4:      layout_basic, serial_shops, nicolae_shop_overgrown_old_shop
D:5:      layout_basic, mainiacjoe_overflow_alcove_2,
          mainiacjoe_ossuary_entry_find_the_door
D:6:      layout_basic, minmay_overflow_temple_hex, temple_fountains,
          uniq_menkaure
D:7:      layout_cave_pools, vehumet_statue, gammafunk_ghost_cemetery,
          minmay_misc_feat_rows

Skill      XL: |  1  2  3  4  5  6  7  8  9 |
---------------+----------------------------+-----
Maces & Flails | 3 4 5 6 7 |  7.3
Armour         | 1 2 3 4 5 6 |  6.1
Fighting       | 3 4 |  4.8
Dodging        | 3 4 |  4.8

Action                     |  1- 3 |  4- 6 |  7- 9 || total
---------------------------+-------+-------+-------++-------
  Melee: Mace              |    87 |   124 |       ||   211
         Flail             |       |    49 |   282 ||   331
         Morningstar       |       |       |    62 ||    62
 Invoke: Berserk           |       |     1 |     1 ||     2
    Use: Scroll            |       |     5 |     2 ||     7
   Stab: Sleeping          |     1 |     3 |     1 ||     5
         Distracted        |       |       |     1 ||     1
 Armour: Animal skin       |    54 |   151 |   372 ||   577
  Dodge: Dodged            |    41 |    91 |   243 ||   375

Table legend: (Time is in decaauts)
 A = Elapsed time spent in this place.
 B = Non-inter-level travel time spent in this place.
 C = Inter-level travel time spent in this place.
 D = Time resting spent in this place.
 E = Time spent auto-exploring this place.
 F = Levels seen in this place.
 G = Mean time per level.
                   A        B        C        D        E       F      G
               +--------+--------+--------+--------+--------+-----+--------+
         Total |   4910 |   4769 |    141 |      2 |   3498 |   8 |  613.8 |
       Dungeon |   4664 |   4523 |    141 |      2 |   3398 |   7 |  666.3 |
       Ossuary |    245 |    245 |      0 |      0 |    100 |   1 |  245.0 |
               +--------+--------+--------+--------+--------+-----+--------+

Top non-repeatable levels by time:
     D:6: 1049 daAuts
     D:5: 877 daAuts
     D:2: 664 daAuts
     D:3: 616 daAuts
     D:4: 607 daAuts
     D:1: 604 daAuts
 Ossuary: 245 daAuts
     D:7: 244 daAuts
